 Dungeon Crawl Stone Soup version 0.21.0-24-g2553a33 (webtiles) character file.

1933 Gorglomux the Covered (level 8, -3/76 HPs)
             Began as a Deep Dwarf Fighter on Jan 20, 2018.
             Slain by an orc
             ... wielding a +2 short sword of electrocution
              (9 damage)
             ... on level 6 of the Dungeon.
             The game lasted 00:03:34 (4422 turns).

Gorglomux the Covered (Deep Dwarf Fighter)          Turns: 4422, Time: 00:03:35

Health: -3/76      AC: 15    Str: 21    XL:     8   Next: 97%
Magic:  5/5        EV:  5    Int: 10    God:
Gold:   273        SH: 11    Dex: 12    Spells: 7/7 levels left

rFire    . . .     SeeInvis .   a - +0 war axe
rCold    . . .     Gourm    +   c - +0 shield
rNeg     . . .     Faith    .   u - +0 plate armour
rPois    .         Spirit   .   (no helmet)
rElec    .         Reflect  .   (no cloak)
rCorr    .         Harm     .   n - +0 pair of gloves
MR       +....                  s - +0 pair of boots
Stlth    ..........             y - amulet of the gourmand
HPRegen  0.00/turn              (no ring)
MPRegen  0.09/turn              (no ring)

@: non-regenerating
A: damage resistance, heal wounds, sense surroundings 1, no regeneration
a: Heal Wounds


You were on level 6 of the Dungeon.
You were completely stuffed.

You visited 1 branch of the dungeon, and saw 6 of its levels.

You collected 273 gold pieces.

Inventory:

Hand Weapons
 a - a +0 war axe (weapon)
 U - a +1 hand axe of flaming
Armour
 c - a +0 shield (worn)
 n - a +0 pair of gloves (worn)
 s - a +0 pair of boots (worn)
 u - a +0 plate armour (worn)
Jewellery
 y - an amulet of the gourmand (around neck)
Scrolls
 h - a scroll of enchant armour {unknown}
 k - 2 scrolls of remove curse
 l - a scroll of fear {unknown}
 m - a scroll of immolation
 v - 2 scrolls of enchant weapon {unknown}
 B - 3 scrolls of blinking
 R - a scroll of identify
 W - a scroll of fog {unknown}
 Z - a scroll of teleportation {unknown}
Potions
 d - 2 potions of might
 w - 4 potions of heal wounds
 Q - 2 potions of curing
 S - a potion of cancellation
 T - a potion of berserk rage {unknown}
 V - a potion of brilliance {unknown}
Books
 X - a book of Minor Magic

   Spells                             Type                      Level
   a - Magic Dart                     Conjuration                  1
   b - Blink                          Translocation                2
   c - Call Imp                       Summoning                    2
   d - Slow                           Hexes                        2
   e - Conjure Flame                  Conjuration/Fire             3
   f - Mephitic Cloud                 Conjuration/Poison/Air       3
Comestibles
 f - 11 rations
 Y - 9 chunks of flesh


   Skills:
 + Level 5.9 Fighting
 + Level 6.7 Axes
 + Level 7.2 Armour
 + Level 7.2 Shields


You had 7 spell levels left.
You didn't know any spells.

Dungeon Overview and Level Annotations

Branches:
Dungeon (6/15)
 Temple: D:4-7

Altars:
Cheibriados
Dithmenos
Gozag
Kikubaaqudgha
Nemelex Xobeh
Okawaru
Sif Muna
Trog
Vehumet
The Shining One

Annotations:
D:2 1 runed door


Innate Abilities, Weirdness & Mutations

You are resistant to damage.
You can heal yourself by infusing magical energy.
You passively map a small area around you.
You do not regenerate.


Message History

You annihilate the orc!!!
You cut the butt warrior but do no damage!
You open the orc like a pillowcase!!!
You annihilate the orc!!!
You closely miss the orc! You block the orc's attack!
The orc hits you with a short sword of electrocution! * * * don't die
* * * Butt are electrocuted!!! * * * don't die
* * * The orc warrior completely misses you!
You are too injured to butt recklessly!!!
There are monsters butt!!!
You are too injured to fight recklessly!!!
You are too injured to fight recklessly!!!
You are too injured to fight butt-ly!!!
You are too injured to fight recklessly!!!
There are monsters nearby!!!
You fail to use your ability!
You block the orc's attack! The orc hits you but does no damage!
You are electrocuted!!! rip

### * * *.$ ,
#.#### * *
####.....##
#..........
#.#.......
##.#)o.##.##
#.).@o...... ,
#..#.o.#####, ,
#..#...#.. , ,
#..#..<#.###
##..#.......
#...#.....## *,
, #..........#
##.#.##..##.#*
*
##.###....##.##


You could see an orc warrior and 2 orcs.

Vanquished Creatures
  Grinder (D:5)
  Sigmund (D:2)
  The ghost of Shutra the Cutter, an amateur GnWn of Cheibriados (D:3)
  An ice beast (D:5)
  A sky beast (D:5)
  2 ogres (D:4)
  2 phantoms (D:6)
  2 bullfrogs (D:6)
  A scorpion (D:6)
  2 crimson imps
  A hound (D:6)
  A jelly (D:5)
  3 orc priests
  3 iguanas
  3 orc wizards
  5 worker ants
  A hound zombie (D:4)
  Robin (D:2)
  7 adders
  A howler monkey skeleton (D:5)
  An ooze (D:3)
  An adder skeleton (D:4)
  4 worms
  4 leopard geckos
  24 orcs
  6 giant cockroaches
  13 goblins
  14 hobgoblins
  11 jackals
  3 ball pythons
  12 bats
  6 frilled lizards
  A jackal zombie (D:5)
  4 kobolds
  10 rats
154 creatures vanquished.

Notes
Turn   | Place    | Note
-------+----------+-------------------------------------------
     0 | D:1      | Gorglomux the Deep Dwarf Fighter began the quest for the Orb.
     0 | D:1      | Reached XP level 1. HP: 20/20 MP: 1/1
   204 | D:1      | Reached XP level 2. HP: 24/27 MP: 2/2
   698 | D:2      | Noticed Sigmund
   704 | D:2      | Reached skill level 3 in Fighting
   706 | D:2      | Noticed Robin
   709 | D:2      | Reached XP level 3. HP: 14/34 MP: 3/3
   718 | D:2      | Killed Robin
   727 | D:2      | Killed Sigmund
   727 | D:2      | Reached skill level 3 in Axes
   727 | D:2      | Reached XP level 4. HP: 19/44 MP: 4/4
   727 | D:2      | Reached XP level 5. HP: 22/50 MP: 5/5
   961 | D:2      | Found an ancient bone altar of Kikubaaqudgha.
   962 | D:2      | Found a radiant altar of Vehumet.
   990 | D:2      | Found a snail-covered altar of Cheibriados.
  1248 | D:2      | Found a runed door.
  1467 | D:3      | Reached XP level 6. HP: 20/57 MP: 6/6
  1714 | D:3      | Noticed Shutra's ghost (amateur GnWn)
  1816 | D:3      | Killed Shutra's ghost
  2118 | D:3      | Noticed a moth of wrath
  2121 | D:3      | Found a bloodstained altar of Trog.
  2291 | D:4      | Reached XP level 7. HP: 26/64 MP: 6/6
  2326 | D:4      | Found an iron altar of Okawaru.
  2326 | D:4      | Found a deep blue altar of Sif Muna.
  2735 | D:4      | Found a shadowy altar of Dithmenos.
  3317 | D:5      | Entered Level 5 of the Dungeon
  3322 | D:5      | Noticed Grinder
  3333 | D:5      | Killed Grinder
  3333 | D:5      | Reached skill level 6 in Armour
  3333 | D:5      | Reached skill level 6 in Shields
  3333 | D:5      | Reached XP level 8. HP: 44/74 MP: 6/6
  3930 | D:5      | Found a sparkling altar of Nemelex Xobeh.
  3930 | D:5      | Found an opulent altar of Gozag.
  3950 | D:5      | Reached skill level 6 in Axes
  3994 | D:5      | Found a glowing golden altar of the Shining One.
  4422 | D:6      | Slain by an orc

Skill      XL: |  1  2  3  4  5  6  7  8 |
---------------+-------------------------+-----
Fighting       | 3 4 5 |  5.9
Axes           | 3 4 5 6 |  6.7
Armour         | 4 5 6 7 |  7.2
Shields        | 4 5 6 7 |  7.2

Action                   |  1- 3 |  4- 6 |  7- 9 || total
-------------------------+-------+-------+-------++-------
Melee: War axe           |   110 |   277 |   301 ||   688
       Unarmed           |       |       |    23 ||    23
 Abil: Heal Wounds       |     3 |     4 |     7 ||    14
  Use: Potion            |       |     3 |       ||     3
       Scroll            |       |       |     8 ||     8
  Eat: Chunk             |       |     5 |    19 ||    24
Armor: Scale mail        |    89 |    11 |       ||   100
       Plate armour      |       |   194 |   197 ||   391
       Skin              |       |     1 |       ||     1
Dodge: Dodged            |    43 |    54 |    42 ||   139
Block: Shield            |    88 |   179 |   183 ||   450
